 Dungeon Crawl Stone Soup version 0.30-a0-368-g86fb4627a9 (webtiles) character file.

Game seed: 3448403580204413006

114 mopl the Chopper (level 4, -3/35 HPs)
             Began as a Demonspawn Fighter on Nov 19, 2022.
             Slain by Ijyb
             ... wielding a +5 club
              (5 damage)
             ... on level 3 of the Dungeon.
             The game lasted 00:01:46 (1688 turns).

mopl the Chopper (Demonspawn Fighter)               Turns: 1688, Time: 00:01:46

Health: -3/35      AC:  7    Str: 19    XL:     4   Next: 66%
Magic:  4/4        EV:  7    Int:  9    God:
Gold:   45         SH: 10    Dex: 14    Spells: 3/3 levels left

rFire   . . .      SeeInvis .    a - +0 war axe
rCold   . . .      Faith    .    o - +2 kite shield
rNeg    . . .      Spirit   .    b - +0 scale mail
rPois   .          Reflect  .    (no helmet)
rElec   .          Harm     .    g - +0 cloak {Stlth+}
rCorr   .          Rampage  .    (no gloves)
Will    .....                    (no boots)
Stlth   ++........               (no amulet)
HPRegen 0.25/turn                (no ring)
MPRegen 0.09/turn                (no ring)

@: no status effects
A: thin skeletal structure 1, demonic guardian 1
a: no special abilities


You were on level 3 of the Dungeon.
You visited 1 branch of the dungeon, and saw 3 of its levels.

You collected 45 gold pieces.

Inventory:

Hand Weapons
 a - a +0 war axe (weapon)
Missiles
 j - 5 poisoned darts (quivered)
 k - 8 boomerangs
Armour
 b - a +0 scale mail (worn)
 g - a +0 cloak of stealth (worn)
 o - a +2 kite shield (worn)
Wands
 p - a wand of mindburst (16)
Scrolls
 e - a scroll of summoning {unknown}
 f - 3 scrolls of teleportation {unknown}
 h - 3 scrolls of identify {unknown}
 i - 4 scrolls of fear {unknown}
 l - a scroll of poison {unknown}
 n - a scroll of noise {unknown}
Potions
 c - a potion of heal wounds {unknown}
 d - 2 potions of might
 m - a potion of haste {unknown}


   Skills:
 - Level 3.0 Fighting
 + Level 4.5 Axes
 - Level 2.6 Armour
 - Level 2.6 Shields


You had 3 spell levels left.
You didn't know any spells.
Your spell library contained the following spells:

 Spells                   Type           Power      Damage    Failure   Level
 Blink                    Tloc           0%         N/A       99%         2
 Ignite Poison            Fire/Tmut/Pois 0%         N/A       100%        3
 Kindle Blastsparks       Fire/Tloc/Air  0%         2d10      100%        3
 Manifold Assault         Tloc           0%         N/A       100%        4
 Freezing Cloud           Conj/Ice/Air   0%         6-21      100%        5
 Storm Form               Tmut/Air       0%         N/A       100%        7


Dungeon Overview and Level Annotations

Branches:
Dungeon (3/15)

Altars:

Shops:
D:3 [

Annotations:
D:3 Ijyb


Innate Abilities, Weirdness & Mutations

You have a somewhat thin skeletal structure. (Dex +2, Stealth+)
A weak demonic guardian rushes to your aid.


Message History

You are too injured to fight recklessly!
You are too injured to fight recklessly!
You are too injured to fight recklessly!
You are too injured to fight recklessly!
You are too injured to fight recklessly!
You are too injured to fight recklessly!
You are too injured to fight recklessly!
You are too injured to fight recklessly!
You are too injured to fight recklessly!
You are too injured to fight recklessly!
Unknown command.
You hit Ijyb but do no damage. You hit the bat.
The bat hits you but does no damage. Ijyb hits you with a +5 club.
The ufetubus hits you. You block the ufetubus's attack.
Unknown command.
You hit Ijyb.
Ijyb is lightly wounded.
You closely miss the ufetubus. You hit the bat but do no damage.
The bat hits you. You block the ufetubus's attack.
The ufetubus hits you but does no damage.
Ijyb hits you with a +5 club.
* * * LOW HITPOINT WARNING * * *
A demonic guardian appears!
The ufetubus closely misses you. You block the ufetubus's attack.
Ijyb hits you with a +5 club.
* * * LOW HITPOINT WARNING * * *
You hit Ijyb.
Ijyb is moderately wounded.
You hit the bat.
You kill the bat!
You closely miss the ufetubus.
The ufetubus hits you but does no damage.
You block the ufetubus's attack.
The ufetubus hits you but does no damage.
The ufetubus barely misses you. Ijyb hits you but does no damage.
You hit Ijyb but do no damage.
Ijyb is moderately wounded.
You closely miss the ufetubus.
The ufetubus hits you but does no damage. x2
You block the ufetubus's attack. x2; Ijyb hits you with a +5 club.
You die...

.........#
......... ...
...(.... .∩.
....... ..#
###....# ..#
≈~....##..# ≈
#..g..# ≈#≈
#.5@5.##
≈≈≈#......#
≈≈#.###$.## #..
##..## . ###..#
#...###...
~#.....####.....#
.............##.#
..##.......#.##.#
#..........#.##.#
# .


You could see Ijyb (ally target), an ufetubus and a friendly white imp
(summoned).

Vanquished Creatures
  An orc wizard (D:2)
  A worm (D:2)
  A dart slug (D:2)
  An orc (D:2)
  2 endoplasms (D:1)
  A giant cockroach (D:2)
  4 goblins
  5 hobgoblins
  6 jackals (D:1)
  4 quokkas
  5 ball pythons
  7 bats
  3 frilled lizards
  4 kobolds
  2 rats
47 creatures vanquished.

Vanquished Creatures (collateral kills)
  An orc priest (D:2)
  A hobgoblin (D:1)
  A jackal (D:1)
  A bat (D:1)
4 creatures vanquished.

Grand Total: 51 creatures vanquished

Notes
Turn   | Place    | Note
-------+----------+-------------------------------------------
     0 | D:1      | mopl the Demonspawn Fighter began the quest for the Orb.
     0 | D:1      | Reached XP level 1. HP: 18/18 MP: 1/1
    26 | D:1      | Reached skill level 2 in Axes
   195 | D:1      | Gained mutation: A weak demonic guardian rushes to your
                  | aid. [demonic ancestry]
   195 | D:1      | Reached XP level 2. HP: 24/24 MP: 2/2
   450 | D:1      | Reached skill level 3 in Axes
   530 | D:1      | Gained mutation: You have a somewhat thin skeletal
                  | structure. (Dex +2, Stealth+) [demonic ancestry]
   530 | D:1      | Reached XP level 3. HP: 18/29 MP: 3/3
  1121 | D:2      | Reached skill level 4 in Axes
  1121 | D:2      | Reached XP level 4. HP: 6/35 MP: 4/4
  1680 | D:3      | Noticed Ijyb
  1681 | D:3      | Found Moimmye's Antique Armour Shop.
  1686 | D:3      | HP: 1/35 [Ijyb/+5 club (5)]
  1688 | D:3      | Slain by Ijyb

Illustrated notes

Levels and vault maps discovered:
D:1:      lightli_arrival_maybe_door_vault, layout_rooms,
          serial_co_window_serial, co_window_of_opportunity_a,
          co_window_paths_b, co_window_paths_a, co_window_corner_a,
          co_window_paths_a, co_window_unsneaky_path_b, co_window_corner_b,
          co_window_broadway_c, co_window_of_opportunity_c, co_window_corner_ca,
          co_window_corner_cb, co_window_broadway_a, glass_columns_b,
          glass_columns_c, glass_columns_c, glass_columns_b
D:2:      layout_basic, kennysheep_flooded_box
D:3:      layout_rooms, chequers_temple_overflow_statue_of_worship,
          serial_shops, nicolae_diamond_shop, shop, nicolae_square_shop,
          minivault_4, uniq_ijyb

Skill      XL: |  1  2  3 |
---------------+----------+-----
Axes           | 2 3 4 |  4.5
Fighting       | |  3.0
Armour         | |  2.6
Shields        | |  2.6

Action                   |  1- 3 |  4- 6 || total
-------------------------+-------+-------++-------
Melee: War axe           |   102 |    42 ||   144
 Stab: Sleeping          |     3 |     2 ||     5
       Distracted        |     1 |       ||     1
Armor: Scale mail        |    87 |    27 ||   114
Dodge: Dodged            |    68 |    12 ||    80
Block: Buckler           |    41 |       ||    41
       Kite shield       |       |    20 ||    20

Table legend: (Time is in decaauts)
 A = Elapsed time spent in this place.
 B = Non-inter-level travel time spent in this place.
 C = Inter-level travel time spent in this place.
 D = Time resting spent in this place.
 E = Time spent auto-exploring this place.
 F = Levels seen in this place.
 G = Mean time per level.
                   A        B        C        D        E       F      G
               +--------+--------+--------+--------+--------+-----+--------+
         Total |   1747 |   1698 |     49 |    164 |   1147 |   3 |  582.3 |
       Dungeon |   1747 |   1698 |     49 |    164 |   1147 |   3 |  582.3 |
               +--------+--------+--------+--------+--------+-----+--------+

Top non-repeatable levels by time:
     D:1: 1074 daAuts
     D:2: 640 daAuts
     D:3: 33 daAuts
